 Dungeon Crawl Stone Soup version 0.23.2 (webtiles) character file.

Game seed: 16728076383531572124

186930 Norn the Warrior (level 17, 0/142 HPs)
             Began as a Pale Draconian Transmuter on Apr 12, 2019.
             Was the Champion of the Shining One.
             Killed by the air
             ... invoked by a blizzard demon
             ... summoned by Asterion
              (3 damage)
             ... on level 4 of the Spider Nest on Apr 13, 2019.
             The game lasted 02:14:46 (39945 turns).

Norn the Warrior (Pale Draconian Transmuter)       Turns: 39945, Time: 02:14:47

Health: 0/142      AC: 21    Str: 14    XL:     17   Next: 86%
Magic:  23/27      EV: 26    Int: 23    God:    the Shining One [******]
Gold:   1180       SH:  0    Dex: 15    Spells: 15/30 levels left

rFire    + . .     SeeInvis .     - Unarmed
rCold    . . .     Gourm    .   (shield currently unavailable)
rNeg     + + +     Faith    .   (armour unavailable)
rPois    +         Spirit   .   U - +1 hat {Int+3}
rElec    +         Reflect  .   V - +2 cloak {rPois}
rCorr    .         Harm     .   (gloves currently unavailable)
MR       +....                  K - +2 pair of boots
Stlth    +.........             M - amulet "Toomp" {Acrobat rElec rF+ Dex+4}
HPRegen  0.33/turn              h - +5 ring of protection
MPRegen  0.20/turn              P - +4 ring of evasion

@: blade hands (expiring), glowing
A: breathe steam, unfitting armour, frail 1, cold-blooded, AC +9
a: Breathe Steam, End Transformation, Divine Shield, Cleansing Flame, Summon
Divine Warrior, Brand Weapon With Holy Wrath, Renounce Religion


You were on level 4 of the Spider Nest.
You worshipped the Shining One.
The Shining One was exalted by your worship.
You were very hungry.
You had blades for hands.
You visited 6 branches of the dungeon, and saw 29 of its levels.
You visited the Abyss 1 time.
You also visited: Sewer, Ossuary and Volcano.

You collected 3430 gold pieces.
You spent 2250 gold pieces at shops.

Inventory:

Hand Weapons
 r - a +5 blowgun
   (You took it off a kobold in a sewer)
Missiles
 B - 80 poisoned needles
 J - 198 arrows
 L - 3 throwing nets (quivered) {!f}
Armour
 q - a +0 pair of gloves (melded)
   (You found it on level 3 of the Lair of Beasts)
 K - a +2 pair of boots (worn)
   (You found it on level 1 of the Spider Nest)
 O - a +1 pair of boots of flying
   (You found it on level 7 of the Dungeon)
 U - a +1 hat of intelligence (worn)
   (You took it off Gastronok on level 9 of the Dungeon)
 V - a +2 cloak of poison resistance (worn)
   (You took it off Maurice on level 11 of the Dungeon)
Magical Staves
 w - an uncursed staff of energy (melded) {!a}
   (You found it on level 6 of the Dungeon)
Jewellery
 h - a +5 ring of protection (left scythe-like blade)
   (You found it on level 3 of the Spider Nest)
 o - an uncursed ring of protection from cold
   (You found it on level 3 of the Dungeon)
 C - an uncursed ring of protection from cold
   (You found it on level 6 of the Lair of Beasts)
 M - the amulet "Toomp" (around neck) {Acrobat rElec rF+ Dex+4}
   (You found it on level 7 of the Dungeon)

   [amulet of the acrobat]

   It helps you evade while moving and waiting.
   It affects your dexterity (+4).
   It protects you from fire.
   It insulates you from electricity.
 P - a +4 ring of evasion (right scythe-like blade)
   (You found it on level 7 of the Dungeon)
 Q - the amulet of Purr {Spirit rF+ rN+ Int+4 Dex-5}
   (You found it on level 7 of the Dungeon)

   [amulet of guardian spirit]

   It causes incoming damage to be split between your health and magic.
   It affects your intelligence (+4).
   It affects your dexterity (-5).
   It protects you from fire.
   It protects you from negative energy.
Wands
 c - a wand of disintegration (16)
   (You found it on level 2 of the Lair of Beasts)
 d - a wand of iceblast (23)
   (You found it on level 3 of the Dungeon)
 t - a wand of flame (81)
   (You took it off Pikel on level 4 of the Dungeon)
 u - a wand of paralysis (6)
   (You found it on level 4 of the Dungeon)
 v - a wand of digging (19)
   (You found it on level 2 of the Lair of Beasts)
 x - a wand of acid (10)
   (You found it on level 13 of the Dungeon)
 D - a wand of scattershot (4)
   (You found it on level 14 of the Dungeon)
 I - a wand of clouds (6)
   (You found it on level 12 of the Dungeon)
Scrolls
 a - 5 scrolls of fear
 g - 15 scrolls of teleportation {@r4}
 j - a scroll of silence
 m - 3 scrolls of enchant armour
 p - 11 scrolls of remove curse {@r2}
 G - 5 scrolls of amnesia
 H - 7 scrolls of immolation {!r}
 T - a scroll of magic mapping
 X - 2 scrolls of identify {@r1}
 Z - a scroll of fog
Potions
 b - 5 potions of heal wounds {@q2}
 f - 16 potions of curing {@q1}
 i - 6 potions of haste {@q3}
 k - 6 potions of lignification {!q}
 l - 6 potions of flight
 n - 2 potions of magic
 s - 5 potions of agility
 z - 9 potions of brilliance
 A - 4 potions of resistance
 E - 4 potions of mutation {!q}
 N - 2 potions of cancellation
 S - 5 potions of berserk rage
 W - 6 potions of might
Miscellaneous
 F - a phantom mirror
 R - 2 sacks of spiders
 Y - a lightning rod (4/4) {!a}
   (You found it on level 5 of the Lair of Beasts)
Comestibles
 e - 34 rations {!d}


   Skills:
 + Level 15.8 Fighting
 + Level 13.8 Dodging
 * Level 15.7 Unarmed Combat
 - Level 7.0 Spellcasting
 - Level 3.1 Hexes
 + Level 10.6 Transmutations
 - Level 5.0 Earth Magic
 - Level 12.0 Invocations


You had 15 spell levels left.
You knew the following spells:

 Your Spells              Type           Power        Failure   Level  Hunger
a - Blade Hands           Tmut           ######....   24%         5    #####..
b - Confusing Touch       Hex            ###...       22%         1    None
c - Petrify               Tmut/Erth      #####...     26%         4    ###....
s - Sticks to Snakes      Tmut           ######..     8%          2    None
x - Spider Form           Tmut/Pois      ####......   24%         3    None

Your spell library contained the following spells:

 Spells                   Type           Power        Failure   Level  Hunger
 Beastly Appendage        Tmut           ######       7%          1    None
 Passwall                 Tmut/Erth      #####...     12%         2    None
 Sandblast                Erth           ####..       16%         1    None
 Corona                   Hex            ###....      22%         1    None
 Ignite Poison            Fire/Tmut/Pois ###.....     34%         3    None
 Ensorcelled Hibernation  Hex/Ice        ###...       36%         2    None
 Confuse                  Hex            ###.....     36%         3    None
 Tukima's Dance           Hex            ###.....     36%         3    None
 Flame Tongue             Conj/Fire      #....        41%         1    None
 Infusion                 Chrm           #...         41%         1    None
 Shock                    Conj/Air       #...         41%         1    None
 Stone Arrow              Conj/Erth      ###...       43%         3    None
 Ice Form                 Ice/Tmut       ####....     43%         4    ###....
 Shroud of Golubria       Chrm/Tloc      #.........   50%         2    None
 Song of Slaying          Chrm           #.......     50%         2    None
 Swiftness                Chrm/Air       #.......     50%         2    None
 Dazzling Spray           Conj/Hex       ###...       50%         3    None
 Spectral Weapon          Hex/Chrm       ###.....     50%         3    None
 Yara's Violent Unravell  Hex/Tmut       #####.....   52%         5    #####..
 Leda's Liquefaction      Hex/Erth       ####......   54%         4    ###....
 Gell's Gravitas          Tloc           #.........   65%         3    None
 Regeneration             Chrm/Necr      #.........   65%         3    None
 Static Discharge         Conj/Air       #.......     65%         3    None
 Cause Fear               Hex            ###.......   65%         4    ###....
 Lee's Rapid Deconstruct  Erth           ####......   69%         5    #####..
 Statue Form              Tmut/Erth      #####....    83%         6    ######.
 Airstrike                Air            #.........   91%         4    ###....
 Dragon Form              Tmut           ######....   93%         7    #######
 Bolt of Magma            Conj/Fire/Erth ###.......   96%         5    #####..
 Metabolic Englaciation   Hex/Ice        ###.......   97%         5    #####..
 Fireball                 Conj/Fire      #.........   99%         5    #####..
 Iskenderun's Battlesphe  Conj/Chrm      #.......     99%         5    #####..
 Lightning Bolt           Conj/Air       #.........   99%         5    #####..
 Venom Bolt               Conj/Pois      #.........   99%         5    #####..
 Bolt of Fire             Conj/Fire      #.........   100%        6    ######.
 Iron Shot                Conj/Erth      ###.......   100%        6    ######.
 Orb of Destruction       Conj           #.........   100%        7    #######
 Ring of Flames           Chrm/Fire      #.........   100%        7    #######
 Spellforged Servitor     Conj/Summ      #.........   100%        7    #######
 Ignition                 Fire           #.........   100%        8    #######
 Dragon's Call            Summ           #.........   100%        9    #######
 Shatter                  Erth           ####......   100%        9    #######


Dungeon Overview and Level Annotations

Branches:
Dungeon (15/15)            Temple (1/1) D:7            Lair (6/6) D:10
  Swamp (0/4) Lair:4       Spider (4/4) Lair:2        Slime (1/5) Lair:5
    Orc (2/2) D:9             Elf (0/3) Orc:2        Vaults (0/5) D:14
 Depths (0/5) D:15

Altars:
Ashenzari
Cheibriados
Dithmenos
Elyvilon
Fedhas
Gozag
Hepliaklqana
Kikubaaqudgha
Makhleb
Nemelex Xobeh
Okawaru
Qazlal
Ru
Sif Muna
Trog
Uskayaw
Vehumet
Wu Jian
Xom
Yredelemnul
Zin
The Shining One
Beogh

Shops:
D:4 }   D:8 (   D:9 (   D:15 [   Orc:2 %!:[

Portals:
Pandemonium: Orc:2

Annotations:
D:8 1 runed translucent door, strelocc's ghost, novice DECj
Lair:3 exclusion: orange crystal statue
Spider:2 2 transporters
Spider:4 Asterion


Innate Abilities, Weirdness & Mutations

You can breathe blasts of scalding, opaque steam.
Your pale cyan-grey scales are hard. (AC +9)
You cannot fit into any form of body armour.
You are cold-blooded and may be slowed by cold attacks.
You are frail. (-10% HP)


Message History

Asterion blocks your adder's attack.
You hit Asterion but do no damage. Asterion hits you but does no damage.
Asterion gores you but does no damage. Asterion blocks your adder's attack.
Asterion blocks your attack.
You tail-slap Asterion. Asterion completely misses you.
Asterion barely misses you. Asterion blocks your adder's attack.
The blizzard demon barely misses you. The blizzard demon misses you.
Asterion blocks your attack. Asterion closely misses you. Asterion gores you!
Your adder bites Asterion but does no damage.
The blizzard demon hits you but does no damage.
The blizzard demon closely misses you.
You slash Asterion!
Asterion hits you with a +2 demon trident of freezing!
Asterion freezes you. Asterion closely misses you.
Asterion blocks your adder's attack. Asterion blocks your attack.
Asterion hits your adder with a +2 demon trident of freezing.
Asterion freezes your adder.
Your adder dies!
The blizzard demon misses you. The blizzard demon barely misses you.
The demonic crawler hits you.
* * * LOW HITPOINT WARNING * * *
The demonic crawler hits you.
* * * LOW HITPOINT WARNING * * *
The demonic crawler barely misses you. Asterion blocks your attack.
Asterion bellows!
Asterion conjures a destructive force in the name of Makhleb!
The bolt of fire misses you. The blizzard demon hits you!
* * * LOW HITPOINT WARNING * * *
The blizzard demon hits you!
* * * LOW HITPOINT WARNING * * *
The demonic crawler barely misses you.
The demonic crawler completely misses you.
The demonic crawler misses you.
As you read the scroll of fear, it crumbles to dust.
You assume a fearsome visage.
Asterion resists with almost no effort.
The demonic crawler is unaffected.
The blizzard demon is unaffected.
Asterion hits you but does no damage. Asterion misses you.
Asterion hits you with a +2 demon trident of freezing!!
* * * LOW HITPOINT WARNING * * *
Asterion freezes you!
* * * LOW HITPOINT WARNING * * *
Asterion closely misses you. The demonic crawler misses you.
The demonic crawler hits you but does no damage.
The demonic crawler misses you.
The blizzard demon waves its arms in wide circles.
The air twists around and strikes you!
You die...

#..........^....##..#
#...........##.....#
#............#...#
#...............^#
#...............## #
#.......##...##.# .##
#..........^###.##...###
#............#^.2......#
#..............@s.....#.
#..............H..###...
#................## .
#.......#.<..........
#...#..^##.....#..^##
#..#.....#^...######
#.............#
#.............#
#.........#..##


You could see Asterion, a blizzard demon and a demonic crawler.

Vanquished Creatures
  Agnes (D:15)
  Kirke (D:13)
  Gastronok (D:9)
  A ghost moth (Spider:3)
  An emperor scorpion (Spider:1)
  A red draconian (Volcano)
  Snorg (D:14)
  A green death (Abyss:2)
  2 great orbs of eyes
  A rakshasa (D:13)
  8 vault guards (D:14)
  8 hydras
  Harold (D:7)
  Erolcha (D:11)
  3 centaur warriors
  14 two-headed ogres
  2 death knights
  7 dancing weapons (Spider:3)
  2 ogre magi
  A tengu warrior (D:15)
  6 orc high priests (Orc:2)
  3 thrashing horrors (Abyss:2)
  A wretched star (Abyss:2)
  A sun demon (Orc:2)
  2 infernal demonspawn (Orc:2)
  3 unseen horrors (D:14)
  2 wizards (D:15)
  6 orc knights
  A torturous demonspawn (Orc:2)
  A lindwurm (Lair:6)
  Pikel (D:4)
  3 deep elf magi
  4 cyclopes
  7 orb spiders
  2 ugly things
  6 orc sorcerers
  10 wolf spiders
  A moth of wrath (Spider:1)
  3 black mambas
  24 elephants
  Maurice (D:11)
  A rust devil (Orc:2)
  A frost giant skeleton (Abyss:2)
  A naga mage (D:15)
  A gargoyle (D:11)
  A smoke demon (Abyss:2)
  13 spiny frogs
  2 orange demons (Orc:2)
  A torpor snail (Lair:3)
  A kobold demonologist (D:14)
  A rime drake (Lair:6)
  A yaktaur (shapeshifter) (D:15)
  12 demonic crawlers
  A freezing wraith (D:15)
  5 hellwings
  2 ancient zymes (Abyss:2)
  6 komodo dragons
  A tengu conjurer (D:15)
  6 trolls
  A red devil (Orc:2)
  3 meliai (D:14)
  9 hornets
  6 polar bears (Lair:6)
  24 jumping spiders
  A dream sheep (Lair:1)
  8 slime creatures
  2 meliai zombies (D:13)
  11 hippogriffs
  22 blink frogs
  6 large abominations (Abyss:2)
  A flying skull (Abyss:2)
  12 spriggans
  29 tarantellas
  3 shadows
  30 yaks
  33 redbacks
  3 wraiths
  4 ynoxinuls (Abyss:2)
  2 vampires
  2 hogs (D:13)
  2 basilisks
  2 neqoxecs (Abyss:2)
  Grum (D:11)
  A steam dragon (D:11)
  A hungry ghost (D:13)
  An acid dragon (D:15)
  A warg (Orc:1)
  Duvessa (D:6)
  15 water moccasins
  6 ice beasts
  42 orc warriors
  2 phantoms
  12 porcupines
  An eye of draining (shapeshifter) (D:13)
  4 sky beasts
  2 black bears (Lair:6)
  4 slaves (D:4)
  An eye of draining (D:14)
  4 centaurs
  5 boggarts (Lair:6)
  45 wolves
  10 ogres
  14 crocodiles
  7 big kobolds
  6 small abominations (Abyss:2)
  18 bullfrogs
  A wyvern zombie (D:14)
  Dowan (D:6)
  A wyvern skeleton (D:14)
  2 scorpions
  6 killer bees (D:11)
  7 wights
  3 howler monkeys
  7 bullfrog zombies
  An electric eel (Lair:6)
  8 crimson imps
  3 quasits
  3 bullfrog skeletons
  6 centaur zombies
  3 hounds
  23 orc priests
  2 centaur skeletons
  8 jellies
  2 iron imps (Abyss:2)
  Ijyb (D:3)
  4 iguanas
  15 worker ants
  Natasha (D:4)
  18 orc wizards
  2 hound skeletons
  13 mummies (Ossuary)
  2 worker ant zombies (D:11)
  Robin (D:2)
  14 adders
  2 shadow imps
  A white imp (Abyss:2)
  An ufetubus (Abyss:2)
  7 oozes
  3 adder skeletons
  4 worms
  2 dart slugs
  A leopard gecko (D:1)
  99 orcs
  A ball python (D:3)
  9 giant cockroaches
  17 goblins
  14 hobgoblins
  11 jackals
  44 kobolds
  7 quokkas
  9 bats
  5 frilled lizards
  3 gnoll skeletons (Ossuary)
  A goblin skeleton (Ossuary)
  A kobold skeleton (Ossuary)
  2 orc skeletons (Ossuary)
  4 quokka skeletons
  11 rats
  11 rat skeletons (Ossuary)
  2 fungi
1053 creatures vanquished.

Vanquished Creatures (collateral kills)
  Nikola (Spider:3)
  A hydra (Lair:5)
  A death yak (D:10)
  A troll (D:10)
  A jumping spider (Spider:3)
  A redback (Spider:3)
  A tarantella (Spider:3)
  A yak (D:10)
  A scorpion (D:3)
  A hound (D:10)
  Natasha (twice) (D:4)
  An orc (D:3)
  3 kobolds (Sewer)
  A quokka zombie (D:7)
17 creatures vanquished.

Vanquished Creatures (others)
  A kobold skeleton (Ossuary)
  12 fungi
  3 plants
  A withered plant (D:8)
17 creatures vanquished.

Grand Total: 1087 creatures vanquished

Notes
Turn   | Place    | Note
-------+----------+-------------------------------------------
     0 | D:1      | Norn the Draconian Transmuter began the quest for the Orb.
     0 | D:1      | Reached XP level 1. HP: 16/16 MP: 3/3
   179 | D:1      | Reached XP level 2. HP: 21/23 MP: 5/5
   586 | D:1      | Reached XP level 3. HP: 16/28 MP: 6/6
  1426 | D:2      | Reached XP level 4. HP: 31/35 MP: 7/7
  1437 | D:2      | Reached skill level 5 in Unarmed Combat
  1570 | D:2      | Noticed Robin
  2189 | D:2      | Killed Robin
  2794 | D:2      | Learned a level 2 spell: Sticks to Snakes
  2796 | D:2      | Learned a level 1 spell: Confusing Touch
  3231 | D:3      | Noticed Ijyb
  3246 | D:3      | Paralysed by Ijyb for 2 turns
  3253 | D:3      | Killed Ijyb
  3253 | D:3      | Reached XP level 5. HP: 39/40 MP: 5/8
  3278 | D:3      | Reached skill level 1 in Hexes
  3513 | D:3      | Found a glowing drain.
  3600 | Sewer    | Entered a sewer
  4023 | Sewer    | Reached XP level 6. HP: 40/48 MP: 5/9
  4651 | D:4      | Noticed Natasha
  5205 | D:4      | Killed Natasha
  5273 | D:4      | Noticed Natasha
  5282 | D:4      | Killed Natasha
  5327 | D:4      | Found an opulent altar of Gozag.
  5346 | D:4      | Noticed Natasha
  5399 | D:4      | Found a shadowy altar of Dithmenos.
  5453 | D:4      | Your scales start taking on a pale cyan-grey colour.
  5453 | D:4      | Reached XP level 7. HP: 57/57 MP: 7/10
  5469 | D:4      | Found Inig's Gadget Shoppe.
  5472 | D:4      | Bought a wand of paralysis (6) for 80 gold pieces
  5496 | D:4      | Noticed Pikel
  5829 | D:4      | Found a shadowy altar of Dithmenos.
  5885 | D:4      | Killed Natasha
  5958 | D:4      | Found an opulent altar of Gozag.
  6105 | D:4      | Found Inig's Gadget Shoppe.
  6140 | D:4      | Killed Pikel
  6140 | D:4      | Reached XP level 8. HP: 27/66 MP: 9/11
  6466 | D:5      | Entered Level 5 of the Dungeon
  6581 | D:5      | Learned a level 3 spell: Spider Form
  6655 | D:5      | Reached skill level 5 in Transmutations
  7857 | D:6      | Reached skill level 5 in Fighting
  8525 | D:6      | Noticed Duvessa
  8526 | D:6      | Noticed Dowan
  8556 | D:6      | Killed Duvessa
  8556 | D:6      | Reached skill level 5 in Dodging
  8561 | D:6      | Killed Dowan
  8877 | D:6      | Found a deep blue altar of Sif Muna.
  8972 | D:6      | Learned a level 4 spell: Petrify
  9225 | D:7      | Found a staircase to the Ecumenical Temple.
  9238 | Temple   | Entered the Ecumenical Temple
  9362 | Temple   | Became a worshipper of the Shining One
  9418 | D:7      | Reached XP level 9. HP: 75/75 MP: 10/12
  9811 | D:7      | Noticed Harold
 10360 | D:7      | Killed Harold
 10552 | D:7      | Found a basalt altar of Yredelemnul.
 10825 | D:7      | Identified the +12 war axe of Doom {chop, rPois rC+++
                  | Dex-5}
 10826 | D:7      | Noticed a cyclops
 10860 | D:7      | Killed a cyclops
 10860 | D:7      | Reached XP level 10. HP: 15/86 MP: 13/13
 11162 | D:7      | Got a vibrating sapphire amulet
 11168 | D:7      | Got a flickering ruby amulet
 11171 | D:7      | Got a scorched great sword
 11177 | D:7      | Identified the amulet of Purr {Spirit rF+ rN+ Int+4 Dex-5}
                  | (You found it on level 7 of the Dungeon)
 11178 | D:7      | Identified the amulet "Toomp" {Acrobat rElec rF+ Dex+4}
                  | (You found it on level 7 of the Dungeon)
 11252 | D:8      | Found Xiesu's Weapon Shoppe.
 11282 | D:8      | Reached * piety under the Shining One
 11350 | D:8      | Found a runed translucent door.
 11350 | D:8      | Noticed strelocc's ghost (novice DECj)
 11354 | D:8      | Found a sand-covered staircase.
 11379 | Ossuary  | Entered an ossuary
 11434 | Ossuary  | Reached ** piety under the Shining One
 11535 | Ossuary  | Reached *** piety under the Shining One
 11754 | D:8      | Noticed a two-headed ogre
 11785 | D:8      | Killed a two-headed ogre
 11785 | D:8      | Reached skill level 10 in Unarmed Combat
 12156 | D:8      | Reached **** piety under the Shining One
 12354 | D:8      | Found a snail-covered altar of Cheibriados.
 12356 | D:8      | Found a burning altar of Makhleb.
 12439 | D:9      | Found Qadavi's Weapon Boutique.
 12439 | D:9      | Found a staircase to the Orcish Mines.
 12905 | D:9      | Noticed a two-headed ogre
 12946 | D:9      | Killed a two-headed ogre
 13264 | D:9      | Noticed Gastronok
 13365 | D:9      | Killed Gastronok
 13365 | D:9      | Reached XP level 11. HP: 12/97 MP: 14/14
 14649 | D:10     | Entered Level 10 of the Dungeon
 14963 | D:10     | Noticed a death yak
 14988 | D:10     | Noticed a death yak
 14992 | D:10     | Noticed a death yak
 14995 | D:10     | Killed a death yak
 15598 | D:10     | Found a staircase to the Lair.
 15705 | Lair:1   | Entered Level 1 of the Lair of Beasts
 15878 | Lair:1   | Reached skill level 10 in Fighting
 15885 | Lair:1   | Learned a level 5 spell: Blade Hands
 17115 | Lair:1   | Reached XP level 12. HP: 98/107 MP: 16/16
 17465 | Lair:2   | Reached skill level 10 in Transmutations
 17587 | Lair:2   | Found a hole to the Spider Nest.
 17609 | Lair:2   | Noticed an eight-headed hydra
 17652 | Lair:2   | Killed a 12-headed hydra
 17652 | Lair:2   | Reached skill level 1 in Earth Magic
 19238 | Lair:3   | Noticed a seven-headed hydra
 19258 | Lair:3   | Killed a seven-headed hydra
 19451 | Lair:3   | Reached ***** piety under the Shining One
 19459 | Lair:3   | Noticed a six-headed hydra
 19461 | Lair:3   | Found the +7 lajatang of Order {silver, rMut}
 19948 | Lair:4   | Reached skill level 10 in Dodging
 20228 | Lair:4   | Reached XP level 13. HP: 99/116 MP: 9/17
 20300 | Lair:4   | Found a staircase to the Swamp.
 21764 | Lair:5   | Reached skill level 5 in Earth Magic
 22031 | Lair:5   | Found a staircase to the Slime Pits.
 22409 | Lair:6   | Entered Level 6 of the Lair of Beasts
 22585 | Lair:6   | Reached skill level 1 in Invocations
 22592 | Lair:6   | Found a dark tunnel.
 22603 | Volcano  | Entered a volcano
 22643 | Volcano  | Found a radiant altar of Vehumet.
 22647 | Volcano  | Noticed a red draconian
 22667 | Volcano  | Killed a red draconian
 23649 | Slime:1  | Entered Level 1 of the Pits of Slime
 24045 | Lair:6   | Reached XP level 14. HP: 127/127 MP: 12/18
 25672 | Lair:6   | Reached skill level 5 in Invocations
 26619 | D:11     | Noticed Grum
 26628 | D:11     | Killed Grum
 26763 | D:11     | Found a roughly hewn altar of Beogh.
 26763 | D:11     | Noticed Maurice
 26772 | D:11     | Killed Maurice
 27031 | D:11     | Noticed Erolcha
 27056 | D:11     | Killed Erolcha
 27636 | D:12     | Reached ****** piety under the Shining One
 28678 | D:13     | You are sucked into a shaft for 2 floors!
 28678 | D:15     | Entered Level 15 of the Dungeon
 28683 | D:15     | Found Fixkuf's Antique Armour Shoppe.
 28688 | D:15     | Noticed Agnes
 28704 | D:15     | Killed Agnes
 28776 | D:15     | Reached XP level 15. HP: 124/136 MP: 10/20
 28852 | D:15     | Reached skill level 15 in Unarmed Combat
 28984 | D:15     | Found a shadowy altar of Dithmenos.
 29412 | D:15     | Cast into level 2 of the Abyss (a wizard)
 29621 | Abyss:2  | Noticed a tentacled monstrosity
 29854 | Abyss:2  | Gained mutation: You are frail. (-10% HP) [a neqoxec]
 29881 | Abyss:2  | Found a bloodstained altar of Trog.
 30137 | D:15     | Escaped the Abyss
 30206 | D:15     | Found a staircase to the Depths.
 30700 | D:14     | Reached skill level 5 in Spellcasting
 30741 | D:14     | Reached skill level 10 in Invocations
 30741 | D:14     | Reached XP level 16. HP: 131/131 MP: 23/23
 31208 | D:14     | Found a gate to the Vaults.
 31605 | D:14     | Noticed Snorg
 31654 | D:14     | Killed Snorg
 31697 | D:14     | Found a glowing silver altar of Zin.
 32709 | D:13     | Noticed Kirke
 32716 | D:13     | Killed Kirke
 33023 | Orc:1    | Entered Level 1 of the Orcish Mines
 33073 | Orc:1    | Found a roughly hewn altar of Beogh.
 33492 | Orc:2    | Entered Level 2 of the Orcish Mines
 33878 | Orc:2    | Found a staircase to the Elven Halls.
 34104 | Orc:2    | Found Tun Sumn's Distillery.
 34142 | Orc:2    | Found Deicusuh's Food Shop.
 34161 | Orc:2    | Reached XP level 17. HP: 138/138 MP: 26/26
 34554 | Orc:2    | Reached skill level 15 in Fighting
 34609 | Orc:2    | Found Finug's Antique Armour Emporium.
 34609 | Orc:2    | Found Utait's Book Shoppe.
 34732 | Orc:2    | Found a one-way gate leading to the halls of Pandemonium.
 34767 | Orc:2    | Bought a book of the Dragon for 1260 gold pieces
 34767 | Orc:2    | Bought a book of the Earth for 910 gold pieces
 34941 | Spider:1 | Entered Level 1 of the Spider Nest
 36192 | Spider:2 | Found a transporter.
 37267 | Spider:2 | Got a fine arbalest
 37268 | Spider:2 | Identified the +6 arbalest "Siegrirro" {freeze, Str+3} (You
                  | found it on level 2 of the Spider Nest)
 37627 | Spider:2 | Found a transporter.
 38520 | Spider:3 | Identified the amulet "Myokykk" {Acrobat *Corrode rPois
                  | rN+++ Stlth+} (You found it on level 3 of the Spider Nest)
 39010 | Spider:3 | Found a runed translucent door.
 39046 | Spider:3 | Identified the cursed ring of the Pariah {rElec AC-2 Str-4
                  | Dex+5} (You found it on level 3 of the Spider Nest)
 39099 | Spider:3 | Noticed Nikola
 39123 | Spider:3 | Killed Nikola
 39870 | Spider:4 | Entered Level 4 of the Spider Nest
 39924 | Spider:4 | Noticed Asterion
 39945 | Spider:4 | HP: 3/142 [Asterion/+2 demon trident of freezing (7)]
 39945 | Spider:4 | Killed from afar by a blizzard demon

Skill      XL: |  1  2  3  4  5  6  7  8  9 10 11 12 13 14 15 16 17 |
---------------+----------------------------------------------------+-----
Unarmed Combat | 4 5 7 9 10 11 13 14 15 | 15.7
Dodging        | 2 3 5 6 7 9 10 11 12 13 | 13.8
Hexes          | 2 3 |  3.1
Fighting       | 2 3 4 5 7 9 10 11 12 13 14 15 | 15.8
Transmutations | 4 5 7 9 10 | 10.6
Spellcasting   | 3 5 6 7 |  7.0
Earth Magic    | 4 5 |  5.0
Invocations    | 3 6 10 11 12 | 12.0

Action                   |  1- 3 |  4- 6 |  7- 9 | 10-12 | 13-15 | 16-18 || total
-------------------------+-------+-------+-------+-------+-------+-------++-------
Melee: Unarmed           |   119 |   266 |   370 |   694 |   844 |   716 ||  3009
       Kick              |     5 |     7 |    42 |       |       |       ||    54
       Tailslap          |    10 |    25 |    45 |    89 |   104 |    86 ||   359
       Headbutt          |     2 |    10 |     7 |    27 |       |       ||    46
       Punch             |       |     5 |    10 |    39 |    48 |    38 ||   140
       Whip              |       |       |    17 |       |       |       ||    17
Throw: Stone             |       |       |     6 |       |     1 |       ||     7
 Cast: Beastly Appendage |    11 |    14 |    25 |    16 |       |       ||    66
       Sticks to Snakes  |       |    19 |    22 |    13 |    24 |    22 ||   100
       Blade Hands       |       |       |       |    23 |   106 |    81 ||   210
 Abil: Breathe Steam     |       |       |    14 |    33 |    16 |     3 ||    66
       End Transformatio |       |       |       |       |     2 |       ||     2
Evoke: Wand              |       |       |     6 |     7 |     8 |       ||    21
  Use: Scroll            |       |     5 |     3 |    16 |    14 |    11 ||    49
       Potion            |       |       |     2 |     1 |     2 |     1 ||     6
 Stab: Sleeping          |     1 |       |       |       |       |       ||     1
       Paralysed         |       |       |     7 |       |       |       ||     7
  Eat: Chunk             |     2 |    12 |     6 |    31 |    27 |    23 ||   101
       Ration            |       |     1 |     4 |     1 |     3 |     2 ||    11
Armor: Skin              |    30 |    95 |    81 |   106 |   117 |   191 ||   620
Dodge: Dodged            |    57 |   215 |   218 |   655 |   973 |   952 ||  3070
